Map: Golden Wall LE

Players

prospeKt - Winner!

  • Race: Zerg Zerg
  • League: Platinum
  • Spawn Location: 5:00

VOD

Have the link to the VOD?

Description

Time

  • Played on: June 5, 2020, 10:46 a.m.
  • Length: 23:56
Show
View Real Time Build Order
Export as new Build Order

prospeKt Zerg - Winner!

Build Orders:  

Get SALT Encoding   

  12  0:01  Drone  
  13  0:17  Overlord  
  13  0:24  Drone  
  14  0:42  Drone x2  
  14  0:47  Drone  
  17  1:15  Hatchery  
  17  1:18  Drone  
  17  1:21  Drone  
  18  1:44  Spawning Pool  
  18  1:46  Drone  
  18  1:50  Drone  
  18  1:55  Extractor  
  18  2:02  Drone  
  19  2:17  Drone  
  20  2:32  Drone  
  21  2:47  Overlord  
  21  2:57  Queen x2  
  19  3:00  Drone  
  25  3:06  Drone  
  27  3:14  Overlord  
  27  3:27  Drone x2  
  29  3:37  Drone  
  30  3:47  Queen, Drone  
  33  3:53  Spine Crawler, Drone  
  33  3:59  Drone  
  34  4:14  Drone x2  
  36  4:20  Drone  
  36  4:26  Overlord  
  37  4:33  Drone  
  37  4:34  Drone x3  
  37  4:36  Drone x3  
  44  4:44  Roach Warren  
  43  4:51  Evolution Chamber, Drone  
  43  4:52  Drone  
  44  5:02  Drone  
  44  5:05  Extractor  
  44  5:06  Extractor  
  32  5:10  Overlord  
  43  5:15  Drone  
  44  5:28  Drone  
  45  5:39  Drone  
  46  5:40  Drone  
  46  5:41  Roach x3  
  46  5:49  Roach x3  
  59  5:51  Zerg Missile Weapons Level 1  
  59  5:54  Overlord  
  59  6:04  Drone  
  60  6:27  Hatchery  
  59  6:34  Drone x8  
  59  6:35  Drone  
  68  6:44  Overlord  
  68  6:48  Overlord  
  68  7:10  Overlord x2  
  68  7:13  Roach  
  68  7:18  Roach  
  72  7:21  Lair  
  72  7:34  Drone x7  
  79  7:49  Overlord  
  79  7:50  Overlord  
  79  8:04  Drone x4  
  79  8:07  Extractor  
  79  8:08  Drone  
  79  8:09  Drone x3  
  86  8:46  Drone  
  86  8:47  Hatchery, Drone x11  
  97  8:53  Hydralisk Den  
  97  8:54  Zerg Missile Weapons Level 2, Hatchery  
  97  8:56  Glial Reconstitution  
  95  9:01  Evolution Chamber  
  94  9:11  Drone  
  94  9:12  Drone x3  
  98  9:36  Hatchery  
  98  9:37  Drone x5  
  102  10:10  Hydralisk x10  
  102  10:12  Overlord  
  102  10:13  Overlord x2  
  102  10:19  Zerg Ground Armor Level 1  
  122  10:28  Drone x3  
  125  10:47  Drone  
  126  10:59  Extractor  
  125  11:07  Hydralisk  
  125  11:08  Hydralisk x4  
  135  11:10  Drone  
  135  11:12  Overlord  
  135  11:13  Overlord x6  
  136  11:22  Extractor  
  135  11:32  Hydralisk x3, Extractor  
  135  11:34  Extractor  
  139  12:02  Hydralisk  
  139  12:03  Hydralisk x3, Unknown  
  147  12:14  Hydralisk x2  
  147  12:15  Hydralisk  
  153  12:27  Hydralisk x3  
  159  12:30  Hatchery  
  159  12:32  Extractor  
  157  12:43  Hatchery  
  156  13:08  Hatchery  
  155  13:11  Hatchery  
  155  13:13  Hydralisk x6  
  155  13:14  Hydralisk x7  
  180  13:20  Hatchery  
  180  13:24  Hatchery  
  178  13:43  Unknown  
  178  13:45  Overseer  
  176  13:54  Hydralisk x8  
  176  13:55  Hydralisk x4  
  172  14:25  Zerg Ground Armor Level 2  
  172  14:30  Infestation Pit  
  171  14:54  Extractor  
  171  14:55  Extractor  
  91  15:00  Drone x5  
  169  15:01  Drone x3  
  177  15:24  Drone  
  177  15:26  Drone  
  177  15:27  Drone  
  177  15:28  Hydralisk  
  177  15:29  Hydralisk x9  
  200  16:06  Hatchery  
  200  16:08  Hatchery  
  192  17:18  Hydralisk x6  
  192  17:19  Hydralisk  
  152  17:53  Hive  
  152  17:56  Hydralisk  
  152  17:57  Hydralisk x19  
  152  17:58  Hydralisk x4  
  194  18:22  Hydralisk x3  
  194  18:35  Queen  
  196  18:46  Hydralisk x2  
  200  19:04  Zerg Missile Weapons Level 3, Zerg Ground Armor Level 3  
  200  19:07  Hydralisk  
  198  20:12  Lurker Den  
  198  20:17  Drone  
  198  20:18  Drone x2  
  198  20:19  Drone x2  
  186  21:57  Lurker x13  
  200  22:20  Spine Crawler  
  200  22:21  Drone  
  200  23:00  Spine Crawler  
  200  23:02  Drone  
Tags
 
Add a new tag
Caveats
  • Supply blocks, unpowered buildings, or Contaminate may cause inaccurate times.
  • Supply counts are checked every 10 seconds.